 Dungeon Crawl Stone Soup version 0.27.1-34-g3ba077fa99 (webtiles) character file.

Game seed: 7013881767006889486

122 squill the Firebug (level 5, -6/38 (41) HPs)
             Began as a Hill Orc Fire Elementalist on Jan 6, 2022.
             Mangled by a wight (7 damage)
             ... on level 2 of the Dungeon.
             The game lasted 00:06:48 (2239 turns).

squill the Firebug (Hill Orc Fire Elementalist)     Turns: 2239, Time: 00:06:49

HP:   -6/38 (41)    AC:  6    Str: 11    XL:     5   Next: 6%
MP:   3/8           EV: 10    Int: 16    God:
Gold: 80            SH:  0    Dex: 11    Spells: 7/8 levels left

rFire    . . .     SeeInvis .   h - +2 flail (protect)
rCold    . . .     Faith    .   (no shield)
rNeg     . . .     Spirit   .   b - +0 ring mail
rPois    .         Reflect  .   (no helmet)
rElec    .         Harm     .   k - +0 cloak
rCorr    .         Rampage  .   (no gloves)
Will     .....                  (no boots)
Stlth    +.........             (no amulet)
HPRegen  0.12/turn              (no ring)
MPRegen  0.11/turn              (no ring)

@: drained, invisible
A: no striking features
a: no special abilities


You were on level 2 of the Dungeon.
You visited 1 branch of the dungeon, and saw 3 of its levels.

You collected 80 gold pieces.

Inventory:

Hand Weapons
 g - a +1 dagger of venom
 h - a +2 flail of protection (weapon)
Armour
 a - a +0 robe
 b - a +0 ring mail (worn)
 k - a +0 cloak (worn)
Scrolls
 e - a scroll of blinking {unknown}
 i - a scroll of torment {unknown}
 j - a scroll of identify {unknown}
Potions
 d - a potion of haste {unknown}
 f - a potion of berserk rage {unknown}
 l - a potion of curing {unknown}


   Skills:
 + Level 2.2 Fighting
 + Level 2.0 Armour
 - Level 1.5 Dodging
 - Level 1.5 Stealth
 + Level 2.2 Spellcasting
 + Level 2.1 Conjurations
 + Level 4.0 Fire Magic


You had 7 spell levels left.
You knew the following spells:

 Your Spells              Type           Power      Damage    Failure   Level
a - Foxfire               Conj/Fire      44%        2x1d6     14%         1

Your spell library contained the following spells:

 Spells                   Type           Power      Damage    Failure   Level
 Conjure Flame            Conj/Fire      11%        6-21      38%         3
 Inner Flame              Hex/Fire       8%         N/A       54%         3
 Sticky Flame             Conj/Fire      11%        2d3       80%         4
 Gell's Gravitas          Tloc           0%         N/A       82%         3
 Lesser Beckoning         Tloc           0%         N/A       82%         3
 Teleport Other           Tloc           1%         N/A       82%         3
 Fireball                 Conj/Fire      5%         3d5       98%         5


Dungeon Overview and Level Annotations

Branches:
Dungeon (3/15)

Altars:
The Shining One


Message History

You closely miss the wight.
The wight is moderately damaged.
The foxfire hits the wight but does no damage.
The wight is moderately damaged.
Casting: Foxfire (safe; 14% risk of failure)
Confirm with . or Enter, or press ? or * to list all spells.
You miscast Foxfire.
You are very lightly contaminated with residual magic.
Nothing appears to happen.
The wight hits you but does no damage.
Casting: Foxfire (safe; 14% risk of failure)
Confirm with . or Enter, or press ? or * to list all spells.
You conjure some foxfire!
The wight barely misses you.
The wight completely misses your foxfire.
The wight closely misses you.
Your ring mail prevents you from hitting the wight.
The foxfire hits the wight.
The wight is lightly damaged.
The foxfire hits the wight.
The wight is moderately damaged.
The wight barely misses you. x2; The wight hits you with a +0 battleaxe!
You sock the wight!
Your weapon exudes an aura of protection.
The wight is severely damaged.
The wight hits you but does no damage. The wight closely misses you.
Your magical contamination has completely faded away.
You hit the wight but do no damage.
The wight is moderately damaged.
The wight closely misses you. The wight hits you with a +0 battleaxe!
There is a stone staircase leading up here.
You climb upwards.
There is a stone staircase leading down here.
The wight hits you with a +0 battleaxe.
You feel drained. The wight hits you with a +0 battleaxe!
* * * LOW HITPOINT WARNING * * *
You feel drained.
* * * LOW HITPOINT WARNING * * *
It was a potion of invisibility.
You fade into invisibility!
The wight hits you with a +0 battleaxe!
You die...

#............##..#..
#......########.....
#......# ####.....
#......# #....##..
#......# ##........
###.#<.# ##.........
######.##.# #........).
#.........###.#........
#.....@...##..#########
#....(z................
#...........###########
#...>......## #
########...# # #...#
#...# #..(# #...#


You could see a wight.

Vanquished Creatures
  A wight (D:3)
  3 gnolls
  2 dart slugs
  2 orcs (D:3)
  2 ball pythons
  A bat (D:1)
  4 endoplasms
  7 goblins
  5 hobgoblins
  3 jackals (D:2)
  4 quokkas (D:1)
  3 frilled lizards
  3 kobolds
  3 rats
43 creatures vanquished.

Vanquished Creatures (others)
  80 foxfires
  A fungus (D:1)
  5 plants (D:1)
86 creatures vanquished.

Grand Total: 129 creatures vanquished

Notes
Turn   | Place    | Note
-------+----------+-------------------------------------------
     0 | D:1      | squill the Hill Orc Fire Elementalist began the quest for
                  | the Orb.
     0 | D:1      | Reached XP level 1. HP: 14/14 MP: 3/3
     3 | D:1      | Noticed an electric eel
     4 | D:1      | Noticed an electric eel
   103 | D:1      | Found a faded altar of an unknown god.
   312 | D:1      | Reached XP level 2. HP: 19/22 MP: 2/4
   724 | D:1      | Reached skill level 1 in Fighting
   977 | D:2      | Reached skill level 1 in Armour
  1049 | D:1      | Reached XP level 3. HP: 21/28 MP: 1/5
  1654 | D:2      | Reached XP level 4. HP: 36/36 MP: 5/7
  2036 | D:3      | Found a glowing golden altar of the Shining One.
  2222 | D:3      | Reached skill level 4 in Fire Magic
  2222 | D:3      | Reached XP level 5. HP: 38/41 MP: 4/8
  2237 | D:2      | HP: 1/38 [wight (5)]
  2239 | D:2      | Mangled by a wight

Illustrated notes

Levels and vault maps discovered:
D:1:      arrival_aquarium_b, layout_loops_ring,
          shapermc_ecumenical_altar_mp_ritualfount
D:2:      layout_rooms, kennysheep_flooded_box, kennysheep_crisscross
D:3:      layout_loops_ring, tso_metal_star, nzn_hepliaklqana_mist_gate,
          uniq_ijyb

Skill      XL: |  1  2  3  4 |
---------------+-------------+-----
Fighting       | 1 2 |  2.2
Armour         | 1 2 |  2.0
Spellcasting   | 2 |  2.2
Conjurations   | 2 |  2.1
Fire Magic     | 4 |  4.0
Dodging        | |  1.5
Stealth        | |  1.5

Action                   |  1- 3 |  4- 6 || total
-------------------------+-------+-------++-------
Melee: Dagger            |    42 |       ||    42
       Unarmed           |     1 |       ||     1
       Flail             |    26 |    29 ||    55
 Cast: Foxfire           |    29 |    14 ||    43
  Use: Potion            |       |     1 ||     1
Armor: Ring mail         |    39 |    13 ||    52
Dodge: Dodged            |    49 |    34 ||    83
